Map: Dusk Towers

Players

Larry

  • Race: Protoss Protoss
  • League: Grandmaster

Pokebunny - Winner!

  • Race: Terran Terran
  • League: Grandmaster

VOD

Have the link to the VOD?

Description

Time

  • Played on: April 4, 2016, 5:04 p.m.
  • Length: 8:49
Show
View Real Time Build Order
Export as new Build Order

Larry Protoss 

Build Orders: 1 Gate Expand, Blink Stalkers 

Get SALT Encoding   

  12  0:01  Probe (Chrono Boost)  
  13  0:11  Probe (Chrono Boost)  
  14  0:19  Pylon  
  14  0:22  Probe (Chrono Boost)  
  15  0:37  Gateway, Probe (Chrono Boost)  
  16  0:48  Probe (Chrono Boost)  
  16  0:49  Assimilator  
  17  0:58  Probe (Chrono Boost)  
  18  1:09  Probe (Chrono Boost)  
  19  1:22  Nexus  
  19  1:25  Probe (Chrono Boost)  
  20  1:33  Cybernetics Core  
  20  1:36  Probe (Chrono Boost)  
  21  1:43  Assimilator  
  22  1:47  Probe (Chrono Boost)  
  22  1:49  Pylon  
  22  1:57  Probe (Chrono Boost)  
  23  2:08  Probe (Chrono Boost)  
  24  2:09  Adept (Chrono Boost)  
  24  2:10  Warp Gate  
  26  2:24  Mothership Core  
  28  2:35  Probe  
  28  2:45  Probe  
  28  2:46  Probe  
  30  2:57  Probe x2 (Chrono Boost)  
  32  3:09  Probe x2 (Chrono Boost), Robotics Facility  
  34  3:14  Twilight Council  
  34  3:19  Probe (Chrono Boost)  
  36  3:20  Probe (Chrono Boost)  
  36  3:30  Probe x2 (Chrono Boost)  
  38  3:40  Probe (Chrono Boost), Gateway  
  38  3:41  Blink (Chrono Boost), Probe (Chrono Boost), Gateway  
  40  3:45  Assimilator  
  40  3:47  Assimilator  
  40  3:49  Probe (Chrono Boost)  
  40  3:51  Probe (Chrono Boost)  
  42  3:57  Observer (Chrono Boost)  
  43  4:03  Pylon  
  43  4:09  Pylon  
  43  4:21  Stalker  
  43  4:23  Probe  
  46  4:29  Immortal (Chrono Boost)  
  50  4:32  Probe  
  50  4:35  Probe  
  50  4:36  Pylon  
  52  4:39  Stalker  
  52  4:40  Stalker  
  52  4:44  Probe  
  54  4:47  Probe  
  54  4:56  Probe  
  54  4:59  Probe  
  56  5:04  Immortal (Chrono Boost)  
  60  5:08  Probe  
  60  5:11  Stalker, Probe  
  60  5:13  Stalker  
  66  5:16  Pylon  
  66  5:20  Pylon, Probe  
  67  5:23  Probe  
  68  5:33  Probe  
  65  5:35  Probe  
  65  5:41  Immortal (Chrono Boost)  
  68  5:45  Probe  
  68  5:48  Probe  
  70  5:56  Stalker x2, Sentry  
  77  5:57  Probe  
  77  6:00  Probe  
  78  6:09  Probe  
  79  6:12  Probe  
  79  6:16  Immortal (Chrono Boost)  
  84  6:20  Stalker  
  84  6:24  Pylon  
  86  6:27  Pylon  
  86  6:29  Probe  
  75  6:40  Probe  
  75  6:42  Probe  
  75  6:49  Stalker x3  
  75  6:53  Probe  
  70  7:02  Immortal (Chrono Boost)  
  70  7:07  Gateway  
  74  7:09  Gateway  
  74  7:14  Stalker x3  
  80  7:19  Gateway  
  74  7:38  Stalker x2  
  74  7:39  Stalker  
  80  7:45  Immortal (Chrono Boost)  
  84  8:06  Stalker x5  
  90  8:21  Probe  
  90  8:33  Stalker x2  
  94  8:38  Nexus  
  94  8:40  Pylon  
Show
View Real Time Build Order
Export as new Build Order

Pokebunny Terran - Winner!

Build Orders: Reaper Expand, MMM Bio 

Get SALT Encoding   

  12  0:00  SCV  
  13  0:13  SCV  
  14  0:18  Supply Depot  
  14  0:25  SCV  
  15  0:40  Barracks, SCV  
  16  0:44  Refinery  
  16  0:52  SCV  
  18  1:04  SCV  
  18  1:16  SCV  
  19  1:28  Orbital Command, Reaper  
  20  1:40  Command Center  
  20  1:48  Supply Depot  
  20  1:53  SCV  
  21  1:59  Marine  
  22  2:06  Factory  
  22  2:07  SCV  
  23  2:11  Refinery  
  23  2:17  Marine  
  23  2:19  SCV  
  25  2:38  Marine  
  25  2:40  SCV  
  27  2:53  Hellion, Orbital Command  
  27  2:54  SCV  
  27  2:55  Starport  
  30  3:02  Marine  
  31  3:08  SCV  
  32  3:13  Widow Mine  
  34  3:20  Marine, SCV  
  34  3:23  SCV  
  37  3:27  Supply Depot  
  37  3:31  Medivac  
  37  3:32  SCV  
  39  3:35  SCV  
  39  3:40  Barracks Tech Lab  
  40  3:42  Barracks x2  
  40  3:44  Factory Tech Lab  
  40  3:46  SCV  
  40  3:47  SCV  
  42  3:52  Refinery  
  42  4:01  Supply Depot  
  42  4:03  Engineering Bay  
  42  4:06  Combat Shields  
  42  4:08  Siege Tank  
  42  4:09  Starport Reactor  
  45  4:13  SCV  
  45  4:14  SCV  
  47  4:18  Marine  
  48  4:25  SCV  
  48  4:26  SCV  
  48  4:32  Barracks Reactor x2  
  48  4:36  Marine  
  49  4:47  Siege Tank  
  49  4:50  SCV x2  
  49  4:51  Supply Depot  
  49  4:52  Medivac  
  56  4:54  Marine  
  57  5:02  Supply Depot, SCV x2, Terran Infantry Weapons Level 1  
  59  5:12  Marine x3  
  59  5:13  Marine x2  
  64  5:16  Supply Depot, Missile Turret  
  64  5:19  Supply Depot, SCV x2  
  66  5:22  Siege Tank  
  68  5:38  Marine x4  
  68  5:39  Stimpack  
  72  5:43  SCV x2  
  72  5:44  Medivac  
  72  5:45  Supply Depot  
  72  5:47  Marine  
  75  5:53  Supply Depot  
  75  5:55  SCV x2  
  77  5:57  Marine x2  
  77  5:58  Marine x2  
  77  6:00  Siege Tank  
  84  6:05  Marine  
  84  6:11  Supply Depot  
  85  6:18  Marine x4  
  85  6:23  SCV x2  
  85  6:24  Marauder  
  78  6:40  Marine  
  78  6:41  Marine x3  
  78  6:42  Siege Tank  
  78  6:44  Marine  
  81  6:57  Medivac x2  
  81  6:59  Barracks x2  
  81  7:00  Command Center  
  85  7:04  Marine x4  
  85  7:05  Marine  
  85  7:06  SCV  
  85  7:07  SCV  
  92  7:10  Refinery  
  89  7:26  Marine x3  
  89  7:27  Marauder  
  94  7:41  Siege Tank, Marine  
  94  7:42  Concussive Shells  
  94  7:44  Marine x3  
  99  7:45  Missile Turret  
  99  7:47  Barracks Tech Lab  
  99  7:48  Barracks Tech Lab, Marauder  
  99  7:49  Medivac x2  
  107  7:54  SCV  
  107  7:55  SCV  
  107  7:57  Supply Depot  
  109  7:58  Supply Depot  
  109  8:02  Marine  
  109  8:03  Marine x3  
  113  8:06  Marauder x2  
  113  8:11  Marauder  
  119  8:16  SCV x2  
  115  8:30  SCV  
  115  8:31  SCV  
Tags
 
Add a new tag
Caveats
  • Supply blocks, unpowered buildings, or Contaminate may cause inaccurate times.
  • Supply counts are checked every 10 seconds.